 Dungeon Crawl Stone Soup version 0.22-a0-353-g2d6336e718 (webtiles) character file.

94 Somebody the Chiller (level 4, -2/33 HPs)
             Began as a Naga Ice Elementalist on Apr 15, 2018.
             Was a Follower of Hepliaklqana.
             Slain by dricus's ghost (8 damage)
             ... on level 3 of the Dungeon.
             The game lasted 00:07:55 (1745 turns).

Somebody the Chiller (Naga Ice Elementalist)        Turns: 1745, Time: 00:07:58

Health: -2/33      AC:  2    Str: 10    XL:     4   Next: 63%
Magic:  6/9        EV: 10    Int: 17    God:    Hepliaklqana [*.....]
Gold:   95         SH:  0    Dex: 11    Spells: 6/10 levels left

rFire    . . .     SeeInvis +   h - +0 short sword
rCold    . . .     Gourm    .   (no shield)
rNeg     . . .     Faith    .   j - +0 robe
rPois    +         Spirit   .   (no helmet)
rElec    .         Reflect  .   (no cloak)
rCorr    .         Harm     .   (no gloves)
MR       .....                  (no barding)
Stlth    +++.......             (no amulet)
HPRegen  0.11/turn              g - ring of stealth
MPRegen  0.11/turn              (no ring)

@: lethally poisoned (-2 -> -7), hasted, quick
A: large, reduced essence, see invisible, deformed body, poison resistance,
slowness 2, slow metabolism 1, spit poison 1, AC +1
a: Spit Poison, Recall Ancestor, Ancestor Identity, Renounce Religion


You were on level 3 of the Dungeon.
You worshipped Hepliaklqana.
Hepliaklqana was aware of your devotion.
You were very hungry.

You visited 1 branch of the dungeon, and saw 3 of its levels.

You collected 95 gold pieces.

Inventory:

Hand Weapons
 a - a +0 dagger of draining
 b - a +0 hunting sling
 h - a +0 short sword (weapon)
Missiles
 f - 9 bolts
 m - 23 arrows
 p - 16 sling bullets
Armour
 d - a +0 leather armour
 j - a +0 robe (worn)
Jewellery
 g - a ring of stealth (left hand)
Scrolls
 k - a scroll of fear {unknown}
 l - a scroll of enchant weapon {unknown}
 o - 2 scrolls of teleportation {unknown}
 q - a scroll of immolation {unknown}
 r - a scroll of remove curse {unknown}
 w - 3 scrolls of identify
Potions
 c - a potion of curing
 e - a potion of invisibility {unknown}
 n - 2 potions of haste
 s - a potion of berserk rage {unknown}
Comestibles
 i - 2 rations


   Skills:
 + Level 0.3 Fighting
 - Level 1.5 Dodging
 - Level 3.0 Stealth
 - Level 3.5 Spellcasting
   Level 1.0 Conjurations
 - Level 4.0 Ice Magic


You had 6 spell levels left.
You knew the following spells:

 Your Spells              Type           Power        Failure   Level  Hunger
a - Freeze                Ice            ###.         3%          1    None
o - Ozocubu's Armour      Chrm/Ice       #.......     22%         3    ###....


Dungeon Overview and Level Annotations

Branches:
Dungeon (3/15)

Altars:
Hepliaklqana

Annotations:
D:2 Sigmund
D:3 dricus's ghost, amateur VSAs


Innate Abilities, Weirdness & Mutations

You cannot wear boots.
Your serpentine skin is tough. (AC +1)
You have supernaturally acute eyesight. (SInv)
Armour fits poorly on your strangely shaped body.
Your system is resistant to poisons. (rPois)
You cover ground very slowly.
You have a slow metabolism.
You can spit poison.
Your life essence is reduced to manifest your ancestor. (-10% HP)


Message History

Nolwazi hits dricus's ghost but does no damage.
You hit dricus's ghost but do no damage.
Dricus's ghost hits you.
You are poisoned.
You take 3 damage, and have 30/33 hp.
You hit dricus's ghost but do no damage.
You feel sick.
Nolwazi hits dricus's ghost.
Dricus's ghost hits you.
You take 4 damage, and have 26/33 hp.
You completely miss dricus's ghost.
Dricus's ghost is lightly damaged.
You feel sick.
Nolwazi hits dricus's ghost.
Dricus's ghost hits you!
You take 10 damage, and have 16/33 hp.
MASSIVE DAMAGE!!
Your icy armour cracks and falls away as you move.
Nolwazi hits dricus's ghost.
Dricus's ghost hits you!
* * * LOW HITPOINT WARNING * * *
You take 9 damage, and have 7/33 hp.
MASSIVE DAMAGE!!
You feel sick.
Nolwazi hits dricus's ghost.
You take 1 damage, and have 6/33 hp.
Dricus's ghost hits you!
You die...

...###. ##..# # ##.
....... #...# #.
....... #.#.# #.
.......#### #.#.# #.
..........# #.#.# ##
..........###.#.###.
.....................
........WR###.#>....#
.##....@..# #.#######
#.......# #.#
#.......# #.#
####.#### #.# #. #.#
#. .# .. ##


You could see the friendly Nolwazi the ancestor and dricus's ghost.

Vanquished Creatures
  5 adders
  A dart slug (D:3)
  A leopard gecko (D:1)
  A ball python (D:3)
  3 bats
  4 giant cockroaches
  7 goblins
  6 hobgoblins
  6 kobolds
  2 quokkas (D:2)
  A frilled lizard (D:1)
  7 rats
44 creatures vanquished.

Vanquished Creatures (others)
  A dart slug (D:3)
1 creature vanquished.

Grand Total: 45 creatures vanquished

Notes
Turn   | Place    | Note
-------+----------+-------------------------------------------
     0 | D:1      | Somebody the Naga Ice Elementalist began the quest for the Orb.
     0 | D:1      | Reached XP level 1. HP: 15/15 MP: 3/3
    95 | D:1      | Reached XP level 2. HP: 19/22 MP: 0/5
   707 | D:1      | Reached XP level 3. HP: 28/28 MP: 7/7
   712 | D:1      | Learned a level 3 spell: Ozocubu's Armour
   840 | D:2      | Noticed Sigmund
  1127 | D:2      | Reached XP level 4. HP: 22/36 MP: 0/9
  1469 | D:3      | Found a faded altar of an unknown god.
  1475 | D:3      | Became a worshipper of Hepliaklqana the Forgotten
  1475 | D:3      | Reached * piety under Hepliaklqana
  1569 | D:3      | Reached skill level 4 in Ice Magic
  1734 | D:3      | Noticed dricus's ghost (amateur VSAs)
  1745 | D:3      | Slain by dricus's ghost

Vault maps used:
D:1:      tarquinn_simple_flora_water_d
D:2:      uniq_sigmund, uniq_terence
D:3:      first_ration, chequers_ecumenical_altar_lobes, lemuel_flame_loot_1

Skill      XL: |  1  2  3  4 |
---------------+-------------+-----
Spellcasting   | 3 |  3.5
Ice Magic      | 4 |  4.0
Fighting       | |  0.3
Dodging        | |  1.5
Stealth        | |  3.0
Conjurations   | |  1.0

Action                   |  1- 3 |  4- 6 || total
-------------------------+-------+-------++-------
Melee: Short sword       |     1 |     8 ||     9
       Dagger            |       |     5 ||     5
 Fire: Hunting sling     |     4 |       ||     4
 Cast: Freeze            |    22 |       ||    22
       Ozocubu's Armour  |     1 |     1 ||     2
 Abil: Spit Poison       |    32 |    12 ||    44
  Use: Potion            |     1 |     2 ||     3
       Scroll            |     1 |       ||     1
 Stab: Sleeping          |       |     1 ||     1
  Eat: Ration            |     1 |       ||     1
Armor: Robe              |    20 |     3 ||    23
Dodge: Dodged            |    34 |     7 ||    41

Table legend:
 A = Spawn XP
 B = Non-spawn XP
 C = Spawn XP percentage of total XP
 D = Spawn monster count
 E = Non-spawn monster count
 F = Spawn count percentage of total count
 G = Total turns spent on level
                    A         B        C        D         E        F      G
               +---------+---------+-------+---------+---------+-------+---------
         Total |       0 |     135 |   0.0 |       0 |      44 |   0.0 |  1745
               +---------+---------+-------+---------+---------+-------+---------
           D:1 |       0 |      34 |   0.0 |       0 |      20 |   0.0 |   851
           D:2 |       0 |      68 |   0.0 |       0 |      12 |   0.0 |   443
           D:3 |       0 |      33 |   0.0 |       0 |      12 |   0.0 |   451
               +---------+---------+-------+---------+---------+-------+---------
